 Dungeon Crawl Stone Soup version 0.31.0-32-g396128a36d (webtiles) character file.

Game seed: 16917564980332209644

6 ChadusMaximus the Caller (level 1, -1/14 HPs)
             Began as a Barachi Summoner on Mar 8, 2024.
             Slain by a kobold
             ... wielding a +2 vampiric short sword
              (2 damage)
             ... on level 1 of the Dungeon.
             The game lasted 00:00:25 (170 turns).

ChadusMaximus the Caller (Barachi Summoner)          Turns: 170, Time: 00:00:25

Health: -1/14      AC:  2    Str:  9    XL:     1   Next: 90%
Magic:  1/3        EV: 12    Int: 15    God:
Gold:   8          SH:  0    Dex: 12    Spells: 3/4 levels left

rFire   . . .        (no weapon)
rCold   . . .        (no shield)
rNeg    . . .        a - +0 robe
rPois   .            (no helmet)
rElec   .            (no cloak)
rCorr   .            (no gloves)
SInv    .            (no boots)
Will    .....        (no amulet)
Stlth   ++           (no ring)
HPRegen 0.22/turn    (no ring)
MPRegen 0.08/turn

%: no passive effects
@: slow
A: amphibious, slowness 1, strong legs 1, +LOS
a: Hop


You were on level 1 of the Dungeon.
You visited 1 branch of the dungeon, and saw 1 of its levels.

You collected 8 gold pieces.

Inventory:

Armour
 a - a +0 robe (worn)
Potions
 b - a potion of magic


   Skills:
 + Level 0.3 Fighting
 - Level 2.2 Dodging
 - Level 1.8 Stealth
 + Level 2.3 Spellcasting
 * Level 5.0 Summonings


You had 3 spell levels left.
You knew the following spells:

 Your Spells              Type           Power      Damage    Failure   Level
a - Summon Small Mammal   Summ           64%        N/A       2%          1

Your spell library contained the following spells:

 Spells                   Type           Power      Damage    Failure   Level
 Call Imp                 Summ           32%        N/A       4%          2
 Call Canine Familiar     Summ           16%        N/A       9%          3
 Summon Blazeheart Golem  Fire/Summ      9%         N/A       58%         4
 Summon Lightning Spire   Summ/Air       9%         N/A       58%         4


Dungeon Overview and Level Annotations

Branches:
Dungeon (1/15)

Altars:


Innate Abilities, Weirdness & Mutations

You are amphibious.
You cover ground slowly.
You can hop short distances.
You have an extended range of vision and can be seen from far away.


Message History

Confirm with . or Enter, or press ? or * to list all spells.
You don't know that spell.
Casting: Summon Small Mammal (safe; 2% risk of failure)
Confirm with . or Enter, or press ? or * to list all spells.
Your bat barely misses the kobold.
The kobold misses your bat.
Your bat closely misses the kobold.
The kobold hits your bat with a +2 vampiric short sword.
Your bat dies!
Your bat's corpse disappears in a puff of smoke!
Your rat misses the kobold.
The kobold hits your rat with a +2 vampiric short sword.
Your rat dies!
Your rat's corpse disappears in a puff of smoke!
Unknown command.
Casting: Summon Small Mammal (safe; 2% risk of failure)
Confirm with . or Enter, or press ? or * to list all spells.
You don't have enough magic to cast this spell.
The kobold throws a stone.
The stone completely misses you. The bat barely misses you.
The bat hits you but does no damage. The bat hits you but does no damage.
The kobold attacks as it pursues you!
The kobold hits you with a +2 vampiric short sword.
* * * LOW HITPOINT WARNING * * *
Unknown command.
You barely miss the kobold. The bat hits you but does no damage. x2
The kobold closely misses you.
You hit the kobold but do no damage. The bat barely misses you. x2
The kobold hits you with a +2 vampiric short sword.
* * * LOW HITPOINT WARNING * * *
You hit the kobold.
The kobold is moderately wounded.
The bat barely misses you. The kobold barely misses you.
You closely miss the kobold.
The kobold is moderately wounded.
The bat hits you but does no damage. The kobold barely misses you.
You closely miss the kobold.
The kobold is moderately wounded.
The kobold hits you with a +2 vampiric short sword.
You die...

#.#.##.###.≈≈.###### ....
#.#.##.# #....# #.. ....
#.#..#.# #########.# ....###
#.##.#.# # ..#.###.# ...
#.##.#.# #.#.#.#..###.#
#......# #.#.#.#.#.#.#
####.### #.##...........#
#.######.####.#......###.####.
#.#..........@Kb#.#...........
#.#.#.#.......#.#.######.#.##.
#......#..##......#
###.#^.......##.###
#.##.##.......#
#.#####.#####.#
#.............#
###############


You could see a bat and a kobold.

Vanquished Creatures (collateral kills)
  An endoplasm (D:1)
  2 giant cockroaches (D:1)
  A hobgoblin (D:1)
  A rat (D:1)
5 creatures vanquished.

Notes
Turn   | Place    | Note
-------+----------+-------------------------------------------
     0 | D:1      | ChadusMaximus the Barachi Summoner began the quest for the
                  | Orb.
     0 | D:1      | Reached XP level 1. HP: 13/13 MP: 3/3
   152 | D:1      | Reached skill level 5 in Summonings
   170 | D:1      | Slain by a kobold

Illustrated notes

Levels and vault maps discovered:
D:1:      lightli_arrival_lavapool, layout_loops_cross,
          dreamdust_ecumenical_altar_grove

Skill      XL: |  1 |
---------------+----+-----
Summonings     | 5 |  5.0
Fighting       | |  0.3
Dodging        | |  2.2
Stealth        | |  1.8
Spellcasting   | |  2.3

Action                     || total
---------------------------++-------
  Melee: Unarmed           ||    20
   Cast: Summon Small Mamm ||     8
 Armour: Robe              ||    21
  Dodge: Dodged            ||    21
